 Dungeon Crawl Stone Soup version 0.22-a0-553-g9358b0b (webtiles) character file.

894 inc the Skirmisher (level 8, -2/57 HPs)
             Began as an Octopode Ice Elementalist on June 25, 2018.
             Was an Initiate of Gozag.
             Slain by an orc wizard
             ... wielding a +0 dagger
              (3 damage)
             ... on level 6 of the Dungeon.
             The game lasted 00:10:45 (6267 turns).

inc the Skirmisher (Octopode Ice Elementalist)      Turns: 6267, Time: 00:10:46

Health: -2/57      AC:  1    Str:  7    XL:     8   Next: 6%
Magic:  15/15      EV: 19    Int: 19    God:    Gozag
Gold:   421        SH:  0    Dex: 18    Spells: 9/17 levels left

rFire    + + .     SeeInvis .   a - +4 dagger
rCold    . . .     Gourm    .   (no shield)
rNeg     + . .     Faith    .   (helmet restricted)
rPois    .         Spirit   .   y - amulet of magic regeneration
rElec    .         Reflect  .   i - ring of protection from fire
rCorr    .         Harm     .   o - ring of protection from fire
MR       .....                  B - ring of positive energy
Stlth    ++++......             (no ring)
HPRegen  0.19/turn              (no ring)
MPRegen  0.39/turn              (no ring)
                                (no ring)
                                (no ring)

@: agile, very slightly contaminated, slowed, very slow
A: almost no armour, stealthy swim, amphibious, 8 rings, constrict 8, camouflage
1, gelatinous body 1
a: Potion Petition, Call Merchant, Bribe Branch, Renounce Religion


You were on level 6 of the Dungeon.
You worshipped Gozag.
Gozag was aware of your devotion.
You were not hungry.

You visited 2 branches of the dungeon, and saw 7 of its levels.

You collected 504 gold pieces.
You paid 83 gold pieces to Gozag.

Inventory:

Hand Weapons
 a - a +4 dagger (weapon)
 t - a +3 flail of holy wrath
Jewellery
 i - a ring of protection from fire (left tentacle)
 l - an uncursed amulet of harm
 o - a ring of protection from fire (right tentacle)
 x - an uncursed amulet of rage
 y - an amulet of magic regeneration (around mantle)
 B - a ring of positive energy (on tentacle)
Wands
 s - a wand of iceblast (14)
Scrolls
 b - 2 scrolls of magic mapping
 e - a scroll of teleportation {unknown}
 g - a scroll of fog {unknown}
 h - a scroll of amnesia {unknown}
 j - 2 scrolls of enchant weapon {unknown}
 p - a scroll of noise {unknown}
 r - 2 scrolls of blinking {unknown}
 v - a scroll of enchant armour {unknown}
 w - a scroll of remove curse {unknown}
 z - a scroll of immolation {unknown}
 A - a scroll of silence {unknown}
Potions
 d - 2 potions of flight
 f - a potion of brilliance {unknown}
 k - a potion of magic {unknown}
 m - a potion of might
 n - a potion of heal wounds {unknown}
 u - a potion of agility
Comestibles
 c - 4 rations


   Skills:
 - Level 6.0 Fighting
 - Level 2.0 Dodging
 - Level 2.6 Stealth
 + Level 5.0 Spellcasting
   Level 1.0 Conjurations
 - Level 3.4 Summonings
 - Level 3.1 Ice Magic


You had 9 spell levels left.
You knew the following spells:

 Your Spells              Type           Power        Failure   Level  Hunger
a - Freeze                Ice            ###.         3%          1    None
b - Ozocubu's Armour      Chrm/Ice       ##......     21%         3    ##.....
c - Summon Ice Beast      Ice/Summ       ###.....     32%         4    ####...

Your spell library contained the following spells:

 Spells                   Type           Power        Failure   Level  Hunger
 Throw Frost              Conj/Ice       ##....       9%          2    #......
 Throw Icicle             Conj/Ice       ##......     47%         4    ####...


Dungeon Overview and Level Annotations

Branches:
Dungeon (6/15)             Temple (1/1) D:4

Altars:
Ashenzari
Cheibriados
Dithmenos
Elyvilon
Fedhas
Gozag
Hepliaklqana
Kikubaaqudgha
Makhleb
Nemelex Xobeh
Okawaru
Qazlal
Ru
Sif Muna
Trog
Uskayaw
Vehumet
Wu Jian
Xom
Yredelemnul
Zin
The Shining One

Annotations:
D:3 3 runed doors, Defined's ghost, weakling OpWz


Innate Abilities, Weirdness & Mutations

You cannot wear most types of armour.
You are very stealthy in the water. (Stealth+)
You are amphibious.
You can wear up to eight rings at the same time.
You can use your tentacles to constrict eight enemies at once.
Your skin changes colour to match your surroundings (Stealth+).
Your rubbery body absorbs attacks. (AC +1, EV +1)


Message History

You hit the orc wizard.
The orc wizard is severely wounded.
You constrict the orc wizard.
The orc wizard points at you and mumbles some strange words.
The magic dart hits you!
* * * LOW HITPOINT WARNING * * *
The orc wizard gestures wildly while chanting.
The orc wizard blinks free!
It was a potion of agility.
You feel agile all of a sudden.
The orc wizard casts a spell.
The orc wizard blinks!
A black bear comes into view.
The black bear growls angrily.
The orc wizard points at you and mumbles some strange words.
The magic dart hits you!
* * * LOW HITPOINT WARNING * * *
The orc wizard closely misses you. The orc wizard hits you with a dagger.
You die...
Your body crumbles into a pile of gold.

#..# #...
#.h# #..#
#..## #...#
#..o# #.@.#
#.<.# #...#
#...# #...#
#...# #.#
#...#
##.####...#
..........#


You could see a black bear and an orc wizard.

Vanquished Creatures
  Menkaure (D:6)
  An ogre (D:4)
  A scorpion (D:6)
  2 crimson imps
  A bullfrog zombie (D:4)
  A hound (D:4)
  Terence (D:3)
  4 orc wizards
  5 worker ants
  A hound zombie (D:5)
  Robin (D:4)
  A howler monkey skeleton (D:4)
  9 adders
  3 oozes (D:2)
  An adder skeleton (D:4)
  2 worms (D:3)
  4 dart slugs
  2 leopard geckos
  11 orcs
  A ball python (D:3)
  12 bats
  5 giant cockroaches
  13 goblins
  14 hobgoblins
  6 jackals
  8 kobolds
  2 quokkas
  3 frilled lizards
  12 rats
128 creatures vanquished.

Notes
Turn   | Place    | Note
-------+----------+-------------------------------------------
     0 | D:1      | inc the Octopode Ice Elementalist began the quest for the Orb.
     0 | D:1      | Reached XP level 1. HP: 11/11 MP: 3/3
   201 | D:1      | Reached skill level 1 in Fighting
   494 | D:1      | Reached XP level 2. HP: 18/18 MP: 5/5
   622 | D:1      | Reached skill level 2 in Fighting
   734 | D:1      | Reached XP level 3. HP: 16/25 MP: 6/6
  1384 | D:2      | Reached skill level 3 in Fighting
  1693 | D:2      | Noticed Robin
  1823 | D:2      | Reached XP level 4. HP: 23/31 MP: 7/7
  2127 | D:2      | Reached skill level 4 in Fighting
  2707 | D:3      | Found a runed gate.
  2707 | D:3      | Found a runed gate.
  2707 | D:3      | Found a runed gate.
  2707 | D:3      | Noticed Defined's ghost (weakling OpWz)
  2710 | D:3      | Reached XP level 5. HP: 34/38 MP: 8/8
  3006 | D:3      | Noticed Terence
  3514 | D:3      | Reached skill level 5 in Fighting
  3715 | D:3      | Killed Terence
  4111 | D:4      | Found a staircase to the Ecumenical Temple.
  4132 | D:4      | Reached XP level 6. HP: 21/46 MP: 4/9
  4468 | Temple   | Entered the Ecumenical Temple
  4479 | Temple   | Became a worshipper of Gozag Ym Sagoz the Greedy
  4659 | D:4      | Reached skill level 6 in Fighting
  4700 | D:4      | Learned a level 3 spell: Ozocubu's Armour
  4705 | D:4      | Learned a level 4 spell: Summon Ice Beast
  4763 | D:4      | Killed Robin
  5497 | D:4      | Reached XP level 7. HP: 52/52 MP: 10/10
  5640 | D:4      | Found a burning altar of Makhleb.
  5691 | D:5      | Entered Level 5 of the Dungeon
  5958 | D:6      | Noticed Menkaure
  5965 | D:6      | Killed Menkaure
  6242 | D:5      | Reached XP level 8. HP: 51/57 MP: 8/15
  6256 | D:5      | Reached skill level 5 in Spellcasting
  6267 | D:6      | HP: 1/57 [orc wizard/magic dart (6)]
  6267 | D:6      | Slain by an orc wizard

Vault maps used:
D:1:      tarquinn_simple_flora_water_c, chequers_big_river
D:2:      uniq_robin
D:3:      first_ration, ebering_ghost_rock_garden, uniq_terence
D:4:      lightli_temple_of_fire, minmay_temple_entry_overgrown,
          hangedman_abyss_or_decor_stabs
D:5:      minmay_goblin_kobold_castle
D:6:      uniq_menkaure
Temple:   nicolae_temple_the_god_donut

Skill      XL: |  1  2  3  4  5  6  7  8 |
---------------+-------------------------+-----
Fighting       | 1 2 3 4 5 6 |  6.0
Summonings     | 3 |  3.4
Spellcasting   | 4 5 |  5.0
Dodging        | |  2.0
Stealth        | |  2.6
Conjurations   | |  1.0
Ice Magic      | |  3.1

Action                   |  1- 3 |  4- 6 |  7- 9 || total
-------------------------+-------+-------+-------++-------
Melee: Dagger            |    77 |   129 |    85 ||   291
       Constrict         |    18 |    34 |    19 ||    71
       Unarmed           |     2 |       |       ||     2
       Tentacles         |     1 |    24 |    12 ||    37
 Cast: Freeze            |       |    21 |       ||    21
       Ozocubu's Armour  |       |       |     1 ||     1
 Abil: Evoke Berserk Rag |       |     1 |       ||     1
  Use: Scroll            |       |     4 |       ||     4
       Potion            |       |       |     4 ||     4
 Stab: Sleeping          |    10 |     8 |     2 ||    20
  Eat: Chunk             |     3 |     6 |       ||     9
       Ration            |       |     2 |     1 ||     3
Armor: Skin              |     6 |     6 |     8 ||    20
Dodge: Dodged            |    50 |    78 |    38 ||   166

Table legend:
 A = Spawn XP
 B = Non-spawn XP
 C = Spawn XP percentage of total XP
 D = Spawn monster count
 E = Non-spawn monster count
 F = Spawn count percentage of total count
 G = Total turns spent on level
                    A         B        C        D         E        F      G
               +---------+---------+-------+---------+---------+-------+---------
         Total |       0 |    1278 |   0.0 |       0 |     128 |   0.0 |  6267
               +---------+---------+-------+---------+---------+-------+---------
           D:1 |       0 |      43 |   0.0 |       0 |      25 |   0.0 |  1434
           D:2 |       0 |      84 |   0.0 |       0 |      32 |   0.0 |  1225
           D:3 |       0 |     170 |   0.0 |       0 |      30 |   0.0 |  1634
           D:4 |       0 |     406 |   0.0 |       0 |      19 |   0.0 |  1380
           D:5 |       0 |     189 |   0.0 |       0 |       9 |   0.0 |   148
           D:6 |       0 |     386 |   0.0 |       0 |      13 |   0.0 |   370
               +---------+---------+-------+---------+---------+-------+---------
